 Dungeon Crawl Stone Soup version 0.24.0-123-gd5b16e6ec5 (webtiles) character file.

Game seed: 1918504192170576966, levelgen mode: deterministic

35 AuftragZ the Charmwright (level 3, 0/30 HPs)
             Began as a Draconian Skald on Jan 31, 2020.
             Slain by an adder (4 damage)
             ... on level 2 of the Dungeon.
             The game lasted 00:03:38 (1012 turns).

AuftragZ the Charmwright (Draconian Skald)          Turns: 1012, Time: 00:03:38

Health: 0/30       AC:  5    Str: 14    XL:     3   Next: 17%
Magic:  3/6        EV: 12    Int: 13    God:
Gold:   77         SH:  0    Dex: 10    Spells: 1/6 levels left

rFire    . . .     SeeInvis .   a - +0 hand axe
rCold    . . .     Gourm    .   (no shield)
rNeg     . . .     Faith    .   (armour unavailable)
rPois    .         Spirit   .   (helmet restricted)
rElec    .         Reflect  .   (no cloak)
rCorr    .         Harm     .   (no gloves)
MR       +....     Clarity  +   (no boots)
Stlth    +.........             (no amulet)
HPRegen  0.10/turn              (no ring)
MPRegen  0.10/turn              (no ring)

@: lethally poisoned (0 -> -2), shrouded
A: unfitting armour, big wings, horns 1, clarity, magic resistance 1,
cold-blooded, AC +5
a: Fly


You were on level 2 of the Dungeon.
You were hungry.

You visited 1 branch of the dungeon, and saw 2 of its levels.

You collected 77 gold pieces.

Inventory:

Hand Weapons
 a - a +0 hand axe (weapon)
Missiles
 e - 12 poisoned darts (quivered)
 f - 49 bolts
Jewellery
 b - an uncursed amulet of regeneration {unknown}
Scrolls
 d - a scroll of teleportation
Comestibles
 c - 4 rations


   Skills:
 + Level 2.5 Fighting
 + Level 2.1 Axes
   Level 0.3(1.3) Polearms
 + Level 2.6 Dodging
 + Level 2.1 Spellcasting
 + Level 3.1 Charms


You had one spell level left.
You knew the following spells:

 Your Spells              Type           Power        Failure   Level  Hunger
a - Infusion              Chrm           #...         7%          1    ##.....
b - Song of Slaying       Chrm           #.......     11%         2    ###....
c - Shroud of Golubria    Chrm/Tloc      #.....       21%         2    ###....

Your spell library contained the following spells:

 Spells                   Type           Power        Failure   Level  Hunger
 Regeneration             Chrm/Necr      #.........   36%         3    ####...
 Spectral Weapon          Hex/Chrm       #.......     36%         3    ####...


Dungeon Overview and Level Annotations

Branches:
Dungeon (2/15)

Altars:


Innate Abilities, Weirdness & Mutations

Your plain brown scales are hard. (AC +5)
You cannot fit into any form of body armour.
You are cold-blooded and may be slowed by cold attacks.
Your large and strong wings let you fly indefinitely.
You have a pair of small horns on your head.
You possess an exceptional clarity of mind.
You are resistant to hostile enchantments. (MR+)


Message History

You hit the adder.
Your tail-slap misses the adder.
The adder is severely wounded.
The adder completely misses you. The adder misses you.
You hit the adder. Your headbutt misses the adder.
The adder is almost dead.
The adder bites you but does no damage. The adder barely misses you.
You hit the adder.
The adder is almost dead.
You feel sick. The adder bites you but does no damage.
You miss the adder.
The adder is almost dead.
The adder misses you. The adder bites you but does no damage.
You closely miss the adder.
The adder is almost dead.
The adder bites you but does no damage.
You barely miss the adder. Your headbutt misses the adder.
Your tail-slap misses the adder.
The adder is almost dead.
The adder bites you.
You die...

.........†........+
...#.....†......#
#######......#
#......# #......#
#.(....# ####...###
.#########......#
....((S@........+
##########......#
#......# #......#
....#### .....#
...#### ..


You could see an adder.

Vanquished Creatures
  An ooze (D:1)
  A worm (D:2)
  2 dart slugs (D:1)
  2 hobgoblins (D:1)
  4 jackals (D:2)
  4 kobolds (D:1)
  5 bats (D:1)
  A frilled lizard (D:1)
  5 rats
25 creatures vanquished.

Notes
Turn   | Place    | Note
-------+----------+-------------------------------------------
     0 | D:1      | AuftragZ the Draconian Skald began the quest for the Orb.
     0 | D:1      | Reached XP level 1. HP: 17/17 MP: 3/3
   138 | D:1      | Reached XP level 2. HP: 24/24 MP: 5/5
   238 | D:1      | Reached skill level 3 in Charms
   580 | D:1      | Gained mutation: You have a pair of small horns on your
                  | head. [potion of mutation]
   580 | D:1      | Gained mutation: Your large and strong wings let you fly
                  | indefinitely. [potion of mutation]
   580 | D:1      | Gained mutation: You are resistant to hostile enchantments.
                  | (MR+) [potion of mutation]
   580 | D:1      | Gained mutation: You possess an exceptional clarity of
                  | mind. [potion of mutation]
   650 | D:1      | Learned a level 2 spell: Song of Slaying
   653 | D:1      | Learned a level 2 spell: Shroud of Golubria
   855 | D:2      | Reached XP level 3. HP: 22/30 MP: 1/6
  1012 | D:2      | Slain by an adder

Levels and vault maps discovered:
D:1:      lemuel_arrival_behind_the_door_large, layout_loops_ring
D:2:      layout_basic

Skill      XL: |  1  2 |
---------------+-------+-----
Charms         | 3 |  3.1
Fighting       | |  2.5
Axes           | |  2.1
Polearms       | |  0.3
Dodging        | |  2.6
Spellcasting   | |  2.1

Action                   || total
-------------------------++-------
Melee: Hand axe          ||    51
       Tailslap          ||    10
       Spear             ||    43
       Headbutt          ||     3
Throw: Dart              ||     7
 Cast: Shroud of Golubri ||     3
  Use: Scroll            ||     4
       Potion            ||     2
Armor: Skin              ||    40
Dodge: Dodged            ||    82
